 Dungeon Crawl Stone Soup version 0.19.0-2-gae57169 (webtiles) character file.

113995 nikopol the Impaler (level 16, -27/146 HPs)
             Began as a Minotaur Berserker on Nov 6, 2016.
             Was the Champion of Trog.
             Annihilated by a very large slime creature (48 damage)
             ... on level 15 of the Dungeon.
             The game lasted 01:53:12 (31625 turns).

nikopol the Impaler (Minotaur Berserker)           Turns: 31625, Time: 01:53:13

Health: -27/146    AC: 20    Str: 31    XL:     16   Next: 15%
Magic:  15/15      EV: 20    Int:  2    God:    Trog [******]
Gold:   2196       SH:  3    Dex: 14    Spells: 0 memorised, 15 levels left

rFire  . . .     SeeInvis +     a - +11 spear of Capital Punishment {freeze, rN+ MR+ Str+6 Int-2}
rCold  + . .     Gourm    .     H - +0 chain mail
rNeg   + . .     Faith    .     (no shield)
rPois  .         Spirit   .     D - +2 hat
rElec  .         Reflect  +     E - +1 cloak {rC+}
rCorr  .         Harm     .     y - +0 pair of gloves
MR     ++...                    f - +1 pair of boots
Stlth  ..........               x - +3 amulet of reflection
                                X - ring of see invisible
                                g - +5 ring of evasion

@: heavily drained
A: retaliatory headbutt, horns 2
a: Berserk, Trog's Hand, Brothers in Arms, Burn Spellbooks, Renounce Religion


You were on level 15 of the Dungeon.
You worshipped Trog.
Trog was exalted by your worship.
You were near starving.

You visited 3 branches of the dungeon, and saw 23 of its levels.
You also visited: Ice Cave.

You collected 2564 gold pieces.
You spent 368 gold pieces at shops.

Inventory:

Hand Weapons
 a - the +11 spear of Capital Punishment (weapon) {freeze, rN+ MR+ Str+6 Int-2}
   (You found it on level 14 of the Dungeon)

   It has been specially enchanted to freeze those struck by it, causing extra
   injury to most foes and up to half again as much damage against particularly
   susceptible opponents.
   It can also slow down cold-blooded creatures.
   It affects your strength (+6).
   It affects your intelligence (-2).
   It protects you from negative energy.
   It affects your resistance to hostile enchantments.
 u - a +4 longbow of velocity
 z - a +3 shortbow of freezing
 G - a +5 bardiche of protection
 T - a +4 demon trident of electrocution
 Z - the +4 glaive of Karma {freeze, +Inv rC+ Int+3}
   (You bought it in a shop on level 2 of the Orcish Mines)

   It has been specially enchanted to freeze those struck by it, causing extra
   injury to most foes and up to half again as much damage against particularly
   susceptible opponents.
   It can also slow down cold-blooded creatures.
   It affects your intelligence (+3).
   It protects you from cold.
   It lets you turn invisible.
Missiles
 k - 353 arrows (quivered)
Armour
 f - a +1 pair of boots (worn)
 y - a +0 pair of gloves (worn)
 D - a +2 hat (worn)
 E - a +1 cloak of cold resistance (worn)
 H - a +0 chain mail (worn)
Jewellery
 g - a +5 ring of evasion (left hand)
 s - an uncursed ring of protection from fire
 w - a +3 ring of strength
 x - a +3 amulet of reflection (around neck)
 R - an uncursed ring of protection from cold
 X - a ring of see invisible (right hand)
Wands
 r - a wand of teleportation (8/9)
 v - a wand of random effects (23/48)
 A - a wand of disintegration (10/24)
 V - a wand of lightning (7/15)
Scrolls
 d - 6 scrolls of teleportation
 e - 5 scrolls of remove curse
 h - a scroll of blinking
 l - 6 scrolls of identify
 q - a scroll of enchant weapon
 B - 4 scrolls of magic mapping
 C - 2 scrolls of fear
 L - 4 scrolls of recharging
 N - 5 scrolls of fog
 P - 5 scrolls of enchant armour
Potions
 b - a potion of berserk rage {unknown}
 i - 4 potions of might
 m - 3 potions of cancellation
 o - 3 potions of flight
 p - a potion of ambrosia
 t - a potion of cure mutation
 F - 3 potions of haste
 I - 2 potions of agility
 K - 2 potions of brilliance
 M - a potion of magic
 O - a potion of heal wounds
 Q - 3 potions of curing
 U - 2 potions of invisibility
Comestibles
 c - 13 bread rations
 j - 40 fruits
 n - 10 meat rations
 J - 2 royal jellies
 S - 6 beef jerkies


   Skills:
 + Level 14.2(12.0) Fighting
 * Level 17.9(15.5) Polearms
 * Level 15.6(13.4) Bows
 + Level 13.9(11.7) Armour
 + Level 12.6(10.5) Dodging


You had 15 spell levels left.
You didn't know any spells.

Dungeon Overview and Level Annotations

Branches:
Dungeon (15/15)            Temple (0/1) D:7            Lair (6/6) D:8
  Swamp (0/4) Lair:3       Spider (0/4) Lair:2        Slime (0/5) Lair:6
    Orc (2/2) D:12            Elf (0/3) Orc:2        Vaults (0/5) D:14
 Depths (0/5) D:15

Altars:
Ashenzari
Cheibriados
Dithmenos
Elyvilon
Fedhas
Hepliaklqana
Kikubaaqudgha
Makhleb
Nemelex Xobeh
Qazlal
Sif Muna
Trog
Vehumet
Beogh

Shops:
D:4 }   Orc:2 (}(?


Innate Abilities, Weirdness & Mutations

You reflexively headbutt those who attack you in melee.
You have a pair of horns on your head.


Message History

You freeze the very large slime creature.
The very large slime creature is almost dead.
You barely miss the very large slime creature.
The very large slime creature is almost dead.
The very large slime creature hits you!!!
* * * LOW HITPOINT WARNING * * *
You are too injured to fight recklessly!
You are too injured to fight recklessly!
You puncture the very large slime creature!
You freeze the very large slime creature.
The very large slime creature is almost dead.
You hit the very large slime creature but do no damage.
The very large slime creature is almost dead.
The very large slime creature hits you!!
* * * LOW HITPOINT WARNING * * *
You're too hungry.
You're too hungry.
You feel much better.
The very large slime creature hits you!!!
You die...

.....(......#
.....((.....# .......
.....(......# .......
.....)......# (......
............# .......
............# (.(....
............# .......
............#######.......
................@J........
##########################


You could see a very large slime creature.

Vanquished Creatures
  Frances (D:14)
  Nessos (D:14)
  Snorg (Lair:4)
  A fire dragon (Lair:6)
  Josephine (D:14)
  2 ogre magi (Orc:2)
  Fannar (Lair:2)
  A rakshasa (D:15)
  Erica (D:9)
  4 vault guards (D:14)
  8 hydras
  3 catoblepae
  2 centaur warriors (D:14)
  A death knight (D:14)
  7 death yaks
  Urug (D:10)
  A tengu warrior (D:14)
  A vampire mage (D:15)
  2 orc high priests
  A deep elf knight (Orc:2)
  9 skeletal warriors
  An unseen horror (D:15)
  7 lindwurms
  7 hill giants
  A necromancer (IceCv)
  An oklob plant (Lair:6)
  9 orc sorcerers (Orc:2)
  7 ugly things (D:15)
  2 cyclopes
  A manticore (D:13)
  8 slime creatures
  Maurice (D:8)
  4 elephants
  2 ice statues
  3 molten gargoyles (Lair:6)
  2 centaur zombies
  8 black mambas
  5 gargoyles
  A torpor snail (Lair:5)
  17 spiny frogs
  2 kobold demonologists
  An efreet (D:15)
  9 komodo dragons
  12 freezing wraiths
  3 tengu conjurers
  8 trolls
  A jumping spider (Lair:2)
  A polar bear (shapeshifter) (D:14)
  3 hornets
  2 two-headed ogres
  A fire dragon zombie (D:15)
  Prince Ribbit (D:5)
  6 dream sheep (Lair:5)
  16 blink frogs
  Grinder (D:5)
  13 hippogriffs
  3 wyverns
  A vampire (D:10)
  6 wraiths (D:14)
  66 yaks
  A shadow (D:14)
  2 redbacks (Lair:2)
  6 basilisks
  A steam dragon (D:10)
  10 vampire mosquitoes
  A death yak simulacrum (IceCv)
  2 hungry ghosts
  3 wargs (Orc:1)
  A soldier ant (D:11)
  10 water moccasins
  4 hell hounds (Lair:6)
  4 porcupines
  21 orc warriors
  2 alligator simulacra (IceCv)
  9 ice beasts
  A black bear (D:6)
  2 phantoms
  5 sky beasts
  5 wolves (Lair:1)
  3 centaurs
  15 ogres
  11 crocodiles
  4 big kobolds
  A gnoll sergeant (D:8)
  22 bullfrogs
  2 wyvern zombies
  2 scorpions (D:4)
  10 killer bees (D:8)
  16 wights
  3 electric eels (D:10)
  7 howler monkeys
  5 lava snakes (Lair:6)
  6 crimson imps
  4 draconian simulacra (IceCv)
  3 hounds
  2 centaur skeletons
  11 jellies
  A gnoll shaman (D:8)
  21 orc priests
  39 orc wizards
  An iguana (D:6)
  3 spriggan simulacra (IceCv)
  12 worker ants
  A polar bear simulacrum (IceCv)
  4 troll simulacra (IceCv)
  2 killer bee zombies
  A hound skeleton (D:5)
  15 gnolls
  7 adders
  3 naga simulacra (IceCv)
  6 ogre simulacra (IceCv)
  3 shadow imps
  10 white imps (IceCv)
  3 oozes
  2 adder zombies
  3 adder skeletons
  4 worms
  2 dart slugs
  7 leopard geckos
  98 orcs
  2 ball pythons (D:3)
  A bat zombie (D:2)
  11 giant cockroaches
  4 goblins
  11 hobgoblins
  14 jackals
  8 bats
  5 frilled lizards
  A giant cockroach zombie (D:6)
  A jackal skeleton (D:4)
  26 kobolds
  2 quokka skeletons
  9 rats
  A rat zombie (D:2)
  A butterfly (Lair:5)
  3 fungi
  2 plants
860 creatures vanquished.

Vanquished Creatures (collateral kills)
  A quicksilver dragon zombie (D:15)
  5 skeletal warriors
  A necromancer (D:15)
  3 elephants (Lair:6)
  A freezing wraith (IceCv)
  A spriggan skeleton (D:15)
  3 blink frogs (Lair:6)
  A wyvern (Lair:6)
  4 yaks (Lair:6)
  An ettin skeleton (D:15)
  A water moccasin (Lair:6)
  An ice beast (IceCv)
  7 jellies (Lair:6)
  An adder (D:12)
  2 white imps (IceCv)
  An ooze (Lair:6)
34 creatures vanquished.

Vanquished Creatures (others)
  5 fungi
  9 plants
14 creatures vanquished.

Grand Total: 908 creatures vanquished

Notes
Turn   | Place    | Note
-------+----------+-------------------------------------------
     0 | D:1      | nikopol the Minotaur Berserker began the quest for the Orb.
     0 | D:1      | Reached XP level 1. HP: 19/19 MP: 0/0
    84 | D:1      | Reached XP level 2. HP: 24/27 MP: 1/1
   389 | D:1      | Reached ** piety under Trog
   389 | D:1      | Reached XP level 3. HP: 29/33 MP: 2/2
   978 | D:2      | Reached skill level 4 in Polearms
  1457 | D:2      | Reached XP level 4. HP: 35/41 MP: 3/3
  1638 | D:2      | Found an ancient bone altar of Kikubaaqudgha.
  2308 | D:3      | Found a blossoming altar of Fedhas.
  2308 | D:3      | Found a shadowy altar of Dithmenos.
  2310 | D:3      | Reached *** piety under Trog
  2594 | D:3      | Found a deep blue altar of Sif Muna.
  2666 | D:3      | Found a stormy altar of Qazlal.
  2667 | D:3      | Found a white marble altar of Elyvilon.
  2785 | D:4      | Reached skill level 5 in Fighting
  2785 | D:4      | Reached XP level 5. HP: 39/48 MP: 4/4
  2951 | D:4      | Reached skill level 5 in Polearms
  3136 | D:4      | Reached XP level 6. HP: 52/56 MP: 5/5
  3167 | D:4      | Noticed a sky beast
  3190 | D:4      | Killed a sky beast
  3190 | D:4      | Reached skill level 5 in Armour
  3197 | D:4      | Reached **** piety under Trog
  3248 | D:4      | Reached XP level 7. HP: 32/63 MP: 6/6
  3431 | D:4      | Found a sparkling altar of Nemelex Xobeh.
  3619 | D:4      | Found Qipsaff's Gadget Emporium.
  3667 | D:5      | Entered Level 5 of the Dungeon
  3693 | D:5      | Noticed Grinder
  3700 | D:5      | Reached skill level 6 in Polearms
  3709 | D:5      | Killed Grinder
  3709 | D:5      | Reached skill level 5 in Dodging
  4416 | D:5      | Noticed Prince Ribbit
  4417 | D:5      | Reached XP level 8. HP: 71/71 MP: 7/7
  4430 | D:5      | Killed Prince Ribbit
  4430 | D:5      | Reached skill level 1 in Bows
  4676 | D:5      | Reached skill level 7 in Polearms
  5875 | D:6      | Reached XP level 9. HP: 79/79 MP: 8/8
  6149 | D:6      | Reached skill level 8 in Polearms
  6715 | D:7      | Found a staircase to the Ecumenical Temple.
  7140 | D:7      | Reached skill level 5 in Bows
  7438 | D:8      | Found a staircase to the Lair.
  7530 | D:8      | Reached skill level 9 in Polearms
  7546 | D:8      | Reached ***** piety under Trog
  7763 | D:8      | Received a gift from Trog
  8236 | D:8      | Found a hazy altar of Hepliaklqana.
  8255 | D:8      | Reached XP level 10. HP: 77/90 MP: 9/9
  8468 | D:8      | Noticed Maurice
  8546 | D:8      | Killed Maurice
  9035 | D:9      | Noticed Erica
  9052 | D:9      | Killed Erica
  9052 | D:9      | Reached skill level 10 in Polearms
  9151 | D:9      | Received a gift from Trog
  9191 | D:9      | Found a burning altar of Makhleb.
  9466 | D:9      | Found a bloodstained altar of Trog.
  9964 | Lair:1   | Entered Level 1 of the Lair of Beasts
 10039 | Lair:1   | Reached XP level 11. HP: 97/97 MP: 10/10
 10130 | Lair:1   | Reached skill level 11 in Polearms
 11291 | Lair:2   | Reached skill level 10 in Fighting
 11364 | Lair:2   | Received a gift from Trog
 11402 | Lair:2   | Reached skill level 12 in Polearms
 11982 | Lair:2   | Found a hole to the Spider Nest.
 12084 | Lair:2   | Noticed Fannar
 12101 | Lair:2   | Killed Fannar
 12101 | Lair:2   | Reached skill level 10 in Bows
 12493 | Lair:3   | Found a frozen archway.
 12509 | IceCv    | Entered an ice cave
 12519 | IceCv    | Reached skill level 10 in Armour
 12519 | IceCv    | Reached XP level 12. HP: 108/108 MP: 11/11
 12641 | IceCv    | Received a gift from Trog
 13467 | IceCv    | Found an ancient bone altar of Kikubaaqudgha.
 15110 | IceCv    | Received a gift from Trog
 15151 | IceCv    | Reached skill level 13 in Polearms
 15401 | IceCv    | Received a gift from Trog
 15874 | Lair:3   | Noticed a six-headed hydra
 15881 | Lair:3   | Killed a six-headed hydra
 15930 | Lair:3   | Found a staircase to the Swamp.
 16658 | Lair:3   | Received a gift from Trog
 17025 | Lair:4   | Noticed Snorg
 17037 | Lair:4   | Killed Snorg
 17071 | Lair:4   | Noticed a death yak
 17084 | Lair:4   | Noticed a death yak
 17086 | Lair:4   | Killed a death yak
 17094 | Lair:4   | Noticed a catoblepas
 17098 | Lair:4   | Killed a death yak
 17127 | Lair:4   | Killed a catoblepas
 17127 | Lair:4   | Reached XP level 13. HP: 73/116 MP: 12/12
 17430 | Lair:4   | Reached skill level 10 in Dodging
 17441 | Lair:4   | Reached skill level 14 in Polearms
 17836 | Lair:4   | Received a gift from Trog
 18452 | Lair:5   | Received a gift from Trog
 19141 | Lair:5   | Reached skill level 15 in Polearms
 19608 | Lair:6   | Entered Level 6 of the Lair of Beasts
 19673 | Lair:6   | Reached ****** piety under Trog
 19673 | Lair:6   | Received a gift from Trog
 19720 | Lair:6   | Found a staircase to the Slime Pits.
 19748 | Lair:6   | Received a gift from Trog
 20281 | Lair:6   | Reached XP level 14. HP: 114/127 MP: 13/13
 21859 | Lair:6   | Found a large runed door.
 21860 | Lair:6   | Found a large runed door.
 22827 | D:10     | Entered Level 10 of the Dungeon
 22991 | D:10     | Received a gift from Trog
 23083 | D:10     | Noticed Urug
 23091 | D:10     | Killed Urug
 23205 | D:10     | Reached skill level 16 in Polearms
 23382 | D:10     | Received a gift from Trog
 23787 | D:11     | Found a shattered altar of Ashenzari.
 25308 | D:12     | Received a gift from Trog
 25323 | D:12     | Found a staircase to the Orcish Mines.
 25646 | Orc:1    | Entered Level 1 of the Orcish Mines
 25989 | Orc:1    | Reached XP level 15. HP: 134/136 MP: 14/14
 26344 | Orc:2    | Entered Level 2 of the Orcish Mines
 26614 | Orc:2    | Found a staircase to the Elven Halls.
 26709 | Orc:2    | Received a gift from Trog
 26737 | Orc:2    | Paralysed by an orc sorcerer for 7 turns
 27095 | Orc:2    | Found a roughly hewn altar of Beogh.
 27322 | Orc:2    | Found Qouh's Antique Weapon Shoppe.
 27336 | Orc:2    | Bought a dazzling glaive for 368 gold pieces
 27349 | Orc:2    | Found an ancient bone altar of Kikubaaqudgha.
 27370 | Orc:2    | Found Teisil's Gadget Shoppe.
 27446 | Orc:2    | Identified the +4 glaive of Karma {freeze, +Inv rC+ Int+3} (You bought it in a shop on level 2 of the Orcish Mines)
 27496 | Orc:2    | Found a radiant altar of Vehumet.
 27564 | Orc:2    | Found Otoroklo's Magic Scroll Emporium.
 27566 | Orc:2    | Found a roughly hewn altar of Beogh.
 27579 | Orc:2    | Found Nypnutt's Antique Weapon Shoppe.
 27812 | D:13     | Received a gift from Trog
 28072 | D:13     | Received a gift from Trog
 28326 | D:13     | Found a snail-covered altar of Cheibriados.
 28683 | D:14     | Reached skill level 17 in Polearms
 28690 | D:14     | Noticed Frances
 28712 | D:14     | Killed Frances
 28934 | D:14     | Reached skill level 15 in Bows
 28959 | D:14     | Found a white marble altar of Elyvilon.
 29125 | D:14     | Noticed Josephine
 29137 | D:14     | Killed Josephine
 29295 | D:14     | Found a gate to the Vaults.
 29660 | D:14     | Noticed Nessos
 29674 | D:14     | Killed Nessos
 30138 | D:14     | Received a gift from Trog
 30408 | D:14     | Got an iridescent spear
 30413 | D:14     | Identified the +11 spear of Capital Punishment {freeze, rN+ MR+ Str+6 Int-2} (You found it on level 14 of the Dungeon)
 30416 | D:15     | Entered Level 15 of the Dungeon
 30510 | D:15     | Reached XP level 16. HP: 146/146 MP: 15/15
 30652 | D:15     | Found a staircase to the Depths.
 31021 | D:15     | HP: 2/146 [yaktaur/bolt (13)]
 31541 | D:15     | Got a smoking scale mail
 31552 | D:15     | Identified the +1 scale mail of Pacaf {*Drain Int+6} (You found it on level 15 of the Dungeon)
 31623 | D:15     | HP: 2/146 [very large slime creature (33)]
 31625 | D:15     | Annihilated by a very large slime creature

Skill      XL: |  1  2  3  4  5  6  7  8  9 10 11 12 13 14 15 |
---------------+----------------------------------------------+-----
Fighting       | 4 5 6 7 8 9 10 11 12 13 14 | 14.2
Armour         | 3 4 5 6 7 8 9 10 11 12 13 | 13.9
Polearms       | 4 5 6 7 9 10 12 13 15 16 17 | 17.9
Dodging        | 3 4 5 6 7 8 9 10 11 12 | 12.6
Bows           | 4 6 8 10 11 13 14 15 | 15.6

Action                   |  1- 3 |  4- 6 |  7- 9 | 10-12 | 13-15 | 16-18 || total
-------------------------+-------+-------+-------+-------+-------+-------++-------
Melee: Spear             |   104 |    90 |       |   559 |   521 |   105 ||  1379
       Headbutt          |    15 |    18 |    56 |   139 |   204 |    28 ||   460
       Trident           |       |   113 |   349 |     9 |       |       ||   471
       Demon trident     |       |       |       |       |   368 |       ||   368
 Fire: Shortbow          |       |       |    76 |   401 |  1092 |    56 ||  1625
Invok: Berserk           |       |       |     2 |     8 |     8 |       ||    18
       Burn Spellbooks   |       |       |       |     1 |     2 |     1 ||     4
       Brothers in Arms  |       |       |       |     2 |     3 |     1 ||     6
       Trog's Hand       |       |       |       |       |     1 |       ||     1
Evoke: Wand              |       |       |       |       |     2 |     1 ||     3
  Use: Scroll            |       |       |       |    22 |    17 |     1 ||    40
       Potion            |       |       |       |       |     3 |     1 ||     4
 Stab: Sleeping          |     1 |       |       |       |       |       ||     1
       Petrified         |       |       |       |     3 |     4 |       ||     7
       Petrifying        |       |       |       |     1 |       |       ||     1
       Distracted        |       |       |       |       |     1 |       ||     1
  Eat: Chunk             |     2 |     6 |    16 |    19 |    45 |     1 ||    89
       Beef jerky        |       |       |     1 |     3 |     3 |     1 ||     8
       Pizza             |       |       |       |     1 |       |       ||     1
       Royal jelly       |       |       |       |     2 |       |       ||     2
       Meat ration       |       |       |       |     1 |       |       ||     1
Armor: Animal skin       |     9 |     3 |       |       |       |       ||    12
       Ring mail         |       |     7 |       |       |       |       ||     7
       Leather armour    |       |     5 |       |       |       |       ||     5
       Scale mail        |       |    38 |    33 |       |       |       ||    71
       Chain mail        |       |       |    71 |   130 |   175 |    19 ||   395
Dodge: Dodged            |    47 |    90 |   185 |   256 |   376 |    48 ||  1002
Block: Other             |       |       |       |       |     5 |     7 ||    12
       Reflection        |       |       |       |       |     4 |     2 ||     6
